 Dungeon Sprint DCSS version 0.30-a0-800-g7c544603b3 (webtiles) character file.

Game seed: 11247444739543037949

99 rocky1 the Cudgeller (level 4, -7/35 HPs)
             Began as a Demonspawn Gladiator on Feb 23, 2023.
             Was an Initiate of Gozag.
             Mangled by a two-headed ogre
             ... wielding a +0 giant club
              (10 damage)
             ... in the Dungeon (Sprint IX: "|||||||||||||||||||||||||||||").
             The game lasted 00:01:31 (427 turns).

rocky1 the Cudgeller (Demonspawn Gladiator)          Turns: 427, Time: 00:01:32

Health: -7/35      AC: 15    Str: 20    XL:     4   Next: 45%
Magic:  4/4        EV:  8    Int:  9    God:    Gozag
Gold:   0          SH:  0    Dex: 17    Spells: 3/3 levels left

rFire   . . .      SeeInvis .    n - +2 morningstar (heavy)
rCold   . . .      Faith    .    (no shield)
rNeg    . . .      Spirit   .    p - +0 plate armour
rPois   .          Reflect  .    c - +0 helmet
rElec   .          Harm     .    (no cloak)
rCorr   .          Rampage  .    (no gloves)
Will    .....      NoTele   +    o - +0 pair of boots Stlth
                                 (no amulet)
HPRegen 0.25/turn                q - +3 ring of strength
MPRegen 0.09/turn                r - +3 ring of dexterity

@: hasted, very quick
A: claws 1, slimy green scales 1, ignite blood 1
a: Renounce Religion, Potion Petition, Call Merchant, Bribe Branch


You were in the Dungeon.
You worshipped Gozag.
Gozag was noncommittal.
You visited 1 branch

Inventory:

Hand Weapons
 a - a +0 flail
 n - a +2 heavy morningstar (weapon)
Missiles
 d - a throwing net (quivered)
 e - a javelin
Armour
 b - a +0 leather armour
 c - a +0 helmet (worn)
 o - a +0 pair of boots (worn)
 p - a +0 plate armour (worn)
Jewellery
 q - a +3 ring of strength (left claw)
 r - a +3 ring of dexterity (right claw)
Wands
 m - a wand of quicksilver (10)
Scrolls
 k - 2 scrolls of blinking
 l - 2 scrolls of amnesia
Potions
 f - 5 potions of curing
 g - a potion of invisibility
 i - 4 potions of magic
 j - 2 potions of heal wounds


   Skills:
 + Level 3.4 Fighting
 + Level 5.8 Maces & Flails
 - Level 3.0 Throwing
 + Level 1.9 Armour
 + Level 5.1 Dodging
 - Level 0.9 Stealth


You had 3 spell levels left.
You didn't know any spells.
Your spell library was empty.

Dungeon Overview and Level Annotations

Branches:
Dungeon (1/1)

Altars:
Cheibriados
Dithmenos
Fedhas
Gozag
Hepliaklqana
Kikubaaqudgha
Makhleb
Nemelex Xobeh
Okawaru
Qazlal
Ru
Sif Muna
Trog
Uskayaw
Vehumet
Wu Jian
Xom
Yredelemnul
Jiyva
Lugonu


Innate Abilities, Weirdness & Mutations

You have sharp fingernails.
You are partially covered in slimy green scales. (AC +2)
Your demonic aura sometimes causes spilled blood to erupt in flames.


Message History

You continue putting on your +0 pair of boots. x4
You finish putting on your +0 pair of boots.
You start removing your armour.
You continue taking off your +0 leather armour. x4
You finish taking off your +0 leather armour.
You start putting on your armour.
You continue putting on your +0 plate armour. x5
You finish putting on your +0 plate armour.
You start waiting.
Done waiting.
Okay, then.
You open the door.
A two-headed ogre, an acid dragon, a centaur, an orc wizard, a kobold brigand and a yak come into view.
The orc wizard is wielding a +2 dagger of venom.
The kobold brigand is wielding a +0 short sword and quivering curare-tipped darts.
The two-headed ogre shouts in stereo!
The acid dragon roars!
The centaur shouts!
The orc wizard shouts!
The kobold brigand shouts!
The yak bellows!
You feel yourself speed up.
The orc wizard casts a spell.
The orc wizard flickers and vanishes!
Deactivating autopickup; reactivate with Ctrl-A.
The two-headed ogre barely misses you. The two-headed ogre closely misses you.
You barely miss the two-headed ogre.
The two-headed ogre hits you but does no damage. x2
You hit the two-headed ogre.
The two-headed ogre is lightly wounded.
You puncture the two-headed ogre!
The two-headed ogre is moderately wounded.
The two-headed ogre is engulfed in blazing flames.
The two-headed ogre hits you but does no damage.
The two-headed ogre hits you with a +0 giant club!
You barely miss the two-headed ogre.
The two-headed ogre is moderately wounded.
The two-headed ogre is engulfed in blazing flames.
The two-headed ogre hits you with a +0 giant club!!
Ouch! That really hurt!
* * * LOW HITPOINT WARNING * * *
The two-headed ogre hits you with a +0 giant club!
You die...
Your body crumbles into a pile of gold.

$
▓.▓
$
▓.▓
$
▓)▓
$
▓.▓
▓.▓
$
▓[▓
▓.▓
$
▓.▓
▓@▓
$
▓O▓
▓D▓
$
▓c▓
$
▓{▓
$ $
▓K▓
$
▓Y▓
$
▓.▓


You could see a two-headed ogre, a yak, an acid dragon, a kobold brigand and a
centaur.

Vanquished Creatures
  2 hounds (D)
  An iguana (D)
  A shadow imp (D)
  An orc (D)
  2 bats (D)
  A frilled lizard (D)
  2 kobolds (D)
10 creatures vanquished.

Notes
Turn   | Place    | Note
-------+----------+-------------------------------------------
     0 | D        | rocky1 the Demonspawn Gladiator began the quest for the
                  | Orb.
     0 | D        | Reached XP level 1. HP: 16/16 MP: 1/1
   149 | D        | Noticed an iguana
   149 | D        | Noticed a hound
   149 | D        | Noticed a hound
   159 | D        | Killed an iguana
   160 | D        | Gained mutation: You are partially covered in slimy green
                  | scales. (AC +2) [demonic ancestry]
   160 | D        | Reached XP level 2. HP: 11/23 MP: 2/2
   160 | D        | Gained mutation: You have sharp fingernails. [demonic
                  | ancestry]
   160 | D        | Reached XP level 3. HP: 13/28 MP: 3/3
   173 | D        | Reached skill level 5 in Maces & Flails
   173 | D        | Reached skill level 1 in Armour
   173 | D        | Gained mutation: Your demonic aura sometimes causes spilled
                  | blood to erupt in flames. [demonic ancestry]
   173 | D        | Reached XP level 4. HP: 22/35 MP: 4/4
   180 | D        | Reached skill level 5 in Dodging
   258 | D        | Found a snail-covered altar of Cheibriados.
   258 | D        | Found a shadowy altar of Dithmenos.
   258 | D        | Found a blossoming altar of Fedhas.
   258 | D        | Found an opulent altar of Gozag.
   259 | D        | Found a hazy altar of Hepliaklqana.
   260 | D        | Found a viscous altar of Jiyva.
   261 | D        | Found an ancient bone altar of Kikubaaqudgha.
   262 | D        | Found a corrupted altar of Lugonu.
   263 | D        | Found a burning altar of Makhleb.
   264 | D        | Found a sparkling altar of Nemelex Xobeh.
   265 | D        | Found an iron altar of Okawaru.
   266 | D        | Became a worshipper of Gozag Ym Sagoz the Greedy
   267 | D        | Found a stormy altar of Qazlal.
   268 | D        | Found a sacrificial altar of Ru.
   269 | D        | Found a shimmering blue altar of Sif Muna.
   270 | D        | Found a bloodstained altar of Trog.
   271 | D        | Found a hide-covered altar of Uskayaw.
   272 | D        | Found a radiant altar of Vehumet.
   273 | D        | Found an ornate altar of the Wu Jian Council.
   274 | D        | Found a shimmering altar of Xom.
   275 | D        | Found a basalt altar of Yredelemnul.
   422 | D        | Noticed a two-headed ogre
   422 | D        | Noticed an acid dragon
   422 | D        | Noticed a centaur
   422 | D        | Noticed a kobold brigand
   422 | D        | Noticed a yak
   427 | D        | Mangled by a two-headed ogre

Illustrated notes

Levels and vault maps discovered:
D:        linesprint [early_d, line_temple, items_1, d_10, items_2, lair_1,
          lair_end, items_3, orc_1, orc_end, items_4, d_15, swamp_1, shoals_1,
          snake_1, spider_1, d_20, vaults_1, items_5, swamp_end, shoals_end,
          snake_end, spider_end, vaults_end, d_27, items_6, zot_1, zot_end,
          crypt_end, forest_end, elf_end, slime_end, tomb_end, abyss_end,
          pan_hell_end]

Skill      XL: |  1  2  3  4 |
---------------+-------------+-----
Maces & Flails | 4 5 |  5.8
Dodging        | 4 5 |  5.1
Throwing       | 2 3 |  3.0
Fighting       | 3 |  3.4
Armour         | 1 |  1.9
Stealth        | |  0.9

Action                     |  1- 3 |  4- 6 || total
---------------------------+-------+-------++-------
  Melee: Flail             |    36 |     5 ||    41
         Morningstar       |       |     4 ||     4
  Throw: Throwing net      |     2 |     1 ||     3
         Javelin           |       |     1 ||     1
    Use: Potion            |     2 |     1 ||     3
   Stab: Held in net/web   |     1 |     1 ||     2
 Armour: Leather armour    |    14 |     2 ||    16
         Plate armour      |       |     3 ||     3
  Dodge: Dodged            |    29 |     8 ||    37

Table legend: (Time is in decaauts)
 A = Elapsed time spent in this place.
 B = Non-inter-level travel time spent in this place.
 C = Inter-level travel time spent in this place.
 D = Time resting spent in this place.
 E = Time spent auto-exploring this place.
 F = Levels seen in this place.
 G = Mean time per level.
                   A        B        C        D        E       F      G
               +--------+--------+--------+--------+--------+-----+--------+
         Total |    438 |    438 |      0 |    290 |      0 |   1 |  438.0 |
       Dungeon |    438 |    438 |      0 |    290 |      0 |   1 |  438.0 |
               +--------+--------+--------+--------+--------+-----+--------+

Top non-repeatable levels by time:
       D: 438 daAuts
